 Dungeon Crawl Stone Soup version 0.31-a0-1154-gadca813884 (webtiles) character file.

Game seed: 5515121413131757793

7883 Dirtsage the Mimic (level 11, -1/73 (76) HPs)
             Began as an Octopode Shapeshifter on Dec 7, 2023.
             Was an Initiate of Gozag.
             Slain by a spectral orc
             ... wielding a +0 flail
             ... summoned by Nergalle
              (5 damage)
             ... on level 10 of the Dungeon.
             The game lasted 00:15:21 (8425 turns).

Dirtsage the Mimic (Octopode Shapeshifter)          Turns: 8425, Time: 00:15:21

HP:   -1/73 (76)    AC:  1    Str: 20    XL:     11   Next: 22%
MP:   11/11         EV: 17    Int: 12    God:    Gozag
Gold: 1165          SH:  5    Dex: 16    Spells: 10/10 levels left

rFire   . .          .
                       - Unarmed
rCold   . . .        (shield currently unavailable)
rNeg    . . .        (helmet restricted)
rPois   .            f - amulet of reflection
rElec   .            z - +6 ring of strength
rCorr   .            (no ring)
SInv    .            (no ring)
Will    .....        (no ring)
Stlth   ++           (no ring)
HPRegen 0.32/turn    (no ring)
MPRegen 0.12/turn    (no ring)
                     (no ring)

%: reflection
@: lethally poisoned (-1 -> -17), blade tentacles, gold aura, lightly drained
A: almost no armour, amphibious, 8 rings, camouflage 1, gelatinous body 1,
(nimble swimmer 1), tentacles
a: Begin Untransformation, Renounce Religion, Potion Petition, Call Merchant,
Bribe Branch


You were on level 10 of the Dungeon.
You worshipped Gozag.
Gozag was most pleased with you.
You had blades for main tentacles.
You visited 2 branches of the dungeon, and saw 11 of its levels.

You collected 1302 gold pieces.
You paid 137 gold pieces to Gozag.

Inventory:

Missiles
 D - a curare-tipped dart
Armour
 x - a +0 buckler
Magical Staves
 e - a staff of earth
Jewellery
 f - an amulet of reflection (around mantle)
 t - an amulet of faith
 z - a +6 ring of strength (left blade tentacle)
Talismans
 b - a beast talisman
 c - a flux talisman
 B - a blade talisman (active)
Wands
 a - a wand of flame (2)
 s - a wand of roots (8)
Scrolls
 g - 3 scrolls of fear
 h - 2 scrolls of teleportation {unknown}
 i - 6 scrolls of identify
 m - a scroll of acquirement {unknown}
 n - 4 scrolls of immolation {unknown}
 o - 5 scrolls of revelation
 r - a scroll of blinking {unknown}
 y - a scroll of silence {unknown}
 A - a scroll of noise {unknown}
Potions
 d - 2 potions of invisibility {unknown}
 j - 5 potions of heal wounds {unknown}
 k - 3 potions of haste {unknown}
 l - 2 potions of might {unknown}
 p - 5 potions of enlightenment {unknown}
 q - 3 potions of curing
 u - 3 potions of brilliance {unknown}
 v - 3 potions of lignification
 w - a potion of mutation {unknown}
 C - a potion of attraction


   Skills:
 + Level 7.6 Fighting
 + Level 7.8 Dodging
 + Level 8.2 Unarmed Combat
 + Level 2.3 Poison Magic
 * Level 10.3 Shapeshifting


You had 10 spell levels left.
You didn't know any spells.
Your spell library contained the following spells:

 Spells                   Type           Power      Damage    Failure   Level
 Sandblast                Erth           0%         2d4       32%         1
 Passwall                 Tmut/Erth      0%         N/A       45%         2
 Frozen Ramparts          Ice            0%         1d1       69%         3
 Stone Arrow              Conj/Erth      0%         3d7       69%         3
 Olgreb's Toxic Radiance  Pois           5%         N/A       77%         4
 Brom's Barrelling Bould  Conj/Erth      0%         2d3       97%         4
 Cause Fear               Hex            0%         N/A       97%         4
 Leda's Liquefaction      Hex/Erth       0%         N/A       97%         4
 Petrify                  Tmut/Erth      0%         N/A       97%         4
 Metabolic Englaciation   Hex/Ice        0%         N/A       100%        5
 Summon Mana Viper        Hex/Summ       0%         N/A       100%        5
 Yara's Violent Unravell  Hex/Tmut       0%         3d3       100%        5
 Discord                  Hex            0%         N/A       100%        8
 Ignition                 Fire           0%         3d3       100%        8


Dungeon Overview and Level Annotations

Branches:
Dungeon (10/15)            Temple (1/1) D:7            Lair (0/5) D:8
    Orc: D:9-12

Altars:
Ashenzari
Cheibriados
Dithmenos
Elyvilon
Fedhas
Gozag
Hepliaklqana
Kikubaaqudgha
Makhleb
Nemelex Xobeh
Okawaru
Ru
Sif Muna
Trog
Uskayaw
Vehumet
Wu Jian
Xom
Yredelemnul
Zin
The Shining One
Lugonu

Shops:
D:9 :

Portals:
Abyss: D:4

Annotations:
D:4 2 runed translucent doors
D:10 Nergalle


Innate Abilities, Weirdness & Mutations

You have blades for main tentacles.
You are incapable of wielding weapons or throwing items.
You cannot wear most types of armour.
You are amphibious.
You can wear up to eight rings at the same time.
Your skin changes colour to match your surroundings (Stealth+).
Your rubbery body absorbs attacks. (AC +1, EV +1)
((You are camouflaged when in or above water. (Stealth+)))
You have tentacles for arms and can constrict up to eight enemies at once.


Message History

You slice Joseph!! You squeeze Joseph.
Joseph is heavily wounded.
You constrict Joseph. The spectral orc barely misses you.
The spectral orc warrior hits you with a +0 short sword!
You block Joseph's attack.
You take 10 damage, and have 36/71 hp.
You slash Joseph!
Joseph is almost dead.
You constrict Joseph.
The spectral orc warrior barely misses you.
The spectral orc closely misses you.
The spectral orc hits you with a +0 flail.
The spectral orc warrior hits you with a +0 short sword.
You feel drained.
Nergalle gestures at you while chanting.
Orcish apparitions take form around you.
You take 9 damage, and have 27/70 hp.
You hit Joseph. You squeeze Joseph.
You kill Joseph!
The spectral orc warrior hits you with a +0 trident!
* * * LOW HITPOINT WARNING * * *
The spectral orc hits you with a +2 dagger of venom.
* * * LOW HITPOINT WARNING * * *
You feel drained.
You are poisoned.
You block the spectral orc's attack.
The spectral orc warrior hits you with a +0 short sword.
* * * LOW HITPOINT WARNING * * *
You take 18 damage, and have 9/73 hp.
MASSIVE DAMAGE!!
* * * LOW HITPOINT WARNING * * *
You feel very sick. The spectral orc closely misses you.
The spectral orc warrior barely misses you.
The spectral orc hits you with a +2 dagger of venom.
* * * LOW HITPOINT WARNING * * *
You are more poisoned.
The spectral orc attacks as it pursues you!
The spectral orc hits you with a +0 flail.
You die...
Your body crumbles into a pile of gold.

..... ### .....#
#.# #/... #..
....##.###
...o..< #.###Z#Z#
#....Z.Z#########
###.###ZZ......>#
#..Z@Z#######(###
####### #...#
#.#.# #.#.# #.#.#
#.#># #.#.# #.#.#
#.#.#


You could see 3 spectral orcs, 2 spectral orc warriors and a spectral orc knight
(summoned).

Vanquished Creatures
  2 two-headed ogres
  Joseph (D:10)
  A kobold demonologist (D:10)
  A hornet (D:8)
  A wyvern (D:8)
  A wraith (D:9)
  9 yaks (D:9)
  Eustachio (D:6)
  4 vampire mosquitoes (D:10)
  An acid dragon (D:10)
  Duvessa (D:4)
  3 water moccasins
  2 black bears
  5 ice beasts
  2 sky beasts
  2 ogres (D:5)
  2 wolves (D:8)
  4 centaurs
  2 kobold brigands (D:9)
  A bullfrog (D:6)
  3 scorpions
  8 wights
  Dowan (D:4)
  5 killer bees (D:9)
  A howler monkey (D:5)
  3 hounds
  2 jellies
  2 sleepcaps (D:4)
  Terence (D:3)
  6 iguanas
  Natasha (D:2)
  2 orc wizards (D:6)
  Robin (D:2)
  6 gnolls (D:7)
  5 adders
  A white imp (D:5)
  A worm (D:4)
  5 dart slugs
  23 orcs
  2 ball pythons (D:1)
  4 bats
  4 endoplasms
  6 giant cockroaches
  12 goblins
  15 hobgoblins
  3 jackals (D:2)
  6 frilled lizards
  15 kobolds
  10 rats
200 creatures vanquished.

Notes
Turn   | Place    | Note
-------+----------+-------------------------------------------
     0 | D:1      | Dirtsage the Octopode Shapeshifter began the quest for the
                  | Orb.
     0 | D:1      | Reached XP level 1. HP: 13/13 MP: 1/1
   180 | D:1      | Reached XP level 2. HP: 14/18 MP: 2/2
   275 | D:1      | Got the Annotations on Beguiling
   498 | D:1      | Reached XP level 3. HP: 23/23 MP: 3/3
  1056 | D:2      | Noticed Robin
  1073 | D:2      | Killed Robin
  1074 | D:2      | Reached XP level 4. HP: 11/29 MP: 4/4
  1534 | D:2      | Noticed Natasha
  1540 | D:2      | Killed Natasha
  1785 | D:3      | Reached skill level 4 in Shapeshifting
  1801 | D:3      | Noticed Terence
  1807 | D:3      | Killed Terence
  1808 | D:3      | Reached XP level 5. HP: 27/34 MP: 5/5
  1876 | D:3      | Noticed a water moccasin
  1888 | D:3      | Killed a water moccasin
  1889 | D:3      | Reached XP level 6. HP: 41/41 MP: 6/6
  2474 | D:4      | Noticed Duvessa
  2474 | D:4      | Noticed Dowan
  2483 | D:4      | Killed Duvessa
  2485 | D:4      | Killed Dowan
  2486 | D:4      | Reached skill level 5 in Shapeshifting
  2524 | D:4      | Found a large runed translucent door.
  2533 | D:4      | Found a large runed translucent door.
  2534 | D:4      | Found a corrupted altar of Lugonu.
  2580 | D:4      | Reached XP level 7. HP: 46/46 MP: 7/7
  2591 | D:4      | Found a one-way gate to the infinite horrors of the Abyss.
  2958 | D:4      | Found a shadowy altar of Dithmenos.
  3098 | D:4      | Identified the +3 plate armour of the Transmuting Gods
                  | {Dex+2}
  3125 | D:5      | Entered Level 5 of the Dungeon
  3266 | D:5      | Reached XP level 8. HP: 29/54 MP: 8/8
  3273 | D:5      | Reached skill level 6 in Shapeshifting
  3379 | D:5      | Reached skill level 5 in Unarmed Combat
  4247 | D:6      | Found an opulent altar of Gozag.
  4247 | D:6      | Found a snail-covered altar of Cheibriados.
  4247 | D:6      | Found an ancient bone altar of Kikubaaqudgha.
  4252 | D:6      | Became a worshipper of Gozag Ym Sagoz the Greedy
  4312 | D:6      | Found a hazy altar of Hepliaklqana.
  4390 | D:6      | Reached skill level 5 in Dodging
  4396 | D:6      | Reached skill level 7 in Shapeshifting
  4475 | D:6      | Noticed Eustachio
  4483 | D:6      | Killed Eustachio
  4484 | D:6      | Reached skill level 5 in Fighting
  4484 | D:6      | Reached XP level 9. HP: 61/61 MP: 9/9
  4650 | D:6      | Found a glowing silver altar of Zin.
  4705 | D:6      | Found a white marble altar of Elyvilon.
  4950 | D:7      | Found a staircase to the Ecumenical Temple.
  4966 | Temple   | Entered the Ecumenical Temple
  5966 | D:8      | Noticed a hornet
  5976 | D:8      | Killed a hornet
  5977 | D:8      | Reached skill level 8 in Shapeshifting
  6056 | D:8      | Found a staircase to the Lair.
  6060 | D:8      | Noticed a rime drake
  6779 | D:8      | Reached XP level 10. HP: 68/68 MP: 10/10
  7202 | D:9      | Noticed a two-headed ogre
  7220 | D:9      | Killed a two-headed ogre
  7221 | D:9      | Reached skill level 9 in Shapeshifting
  7372 | D:9      | Found a shimmering blue altar of Sif Muna.
  7704 | D:9      | Found Quren's Tremendous Tomes.
  7990 | D:9      | Found a glowing golden altar of the Shining One.
  8105 | D:10     | Entered Level 10 of the Dungeon
  8111 | D:10     | Noticed a two-headed ogre
  8130 | D:10     | Killed a two-headed ogre
  8131 | D:10     | Reached skill level 1 in Poison Magic
  8131 | D:10     | Reached skill level 10 in Shapeshifting
  8131 | D:10     | Reached XP level 11. HP: 75/75 MP: 11/11
  8413 | D:10     | Noticed Joseph
  8417 | D:10     | Noticed Nergalle
  8424 | D:10     | Killed Joseph
  8425 | D:10     | Slain by a spectral orc

Illustrated notes

Levels and vault maps discovered:
D:1:      lemuel_arrival_behind_the_door_small, layout_basic, minmay_domino_2
D:2:      layout_loops_ring, minmay_misc_feat_secret_circle,
          serial_bayou_lake_a, uniq_natasha, uniq_robin
D:3:      layout_rooms, minmay_misc_feat_alley, kennysheep_pointless_box,
          chequers_avenue, minivault_5, minmay_mini_jars, uniq_terence
D:4:      due_chaos_kobolds, layout_rooms, mainiacjoe_overflow_six_doors_small,
          uniq_duvessa
D:5:      layout_basic, grunt_ministairs_13, kennysheep_generic_room_10
D:6:      layout_loops_ring, kennysheep_mini, kennysheep_little_box,
          mainiacjoe_overflow_boulevard,
          chequers_temple_overflow_statue_of_worship, kennysheep_potato,
          uniq_eustachio
D:7:      layout_gridville, minmay_temple_entry_stoned_glass
D:8:      layout_layer_cave, hellmonk_lair_entry_icy, minmay_misc_feat_pillars
D:9:      layout_small_grid, lemuel_doored_altar, general_overflow_altar,
          nicolae_shop_i_like_big_books
D:10:     layout_basic, grunt_qazlal_clouds, uniq_joseph, uniq_nergalle
Temple:   minmay_temple_bridge_abc

Skill      XL: |  1  2  3  4  5  6  7  8  9 10 11 |
---------------+----------------------------------+-----
Fighting       | 2 3 4 5 6 7 |  7.6
Shapeshifting  | 4 5 7 8 10 | 10.3
Dodging        | 3 4 5 6 7 |  7.8
Unarmed Combat | 4 5 6 8 |  8.2
Poison Magic   | 1 2 |  2.3

Action                     |  1- 3 |  4- 6 |  7- 9 | 10-12 || total
---------------------------+-------+-------+-------+-------++-------
  Melee: Unarmed           |    62 |    78 |   229 |   143 ||   512
         Tentacles         |    15 |    14 |    72 |    40 ||   141
         Constrict         |    16 |    19 |    55 |    17 ||   107
         Punch             |     1 |     2 |     4 |     1 ||     8
  Evoke: Wand              |       |       |    16 |     9 ||    25
    Use: Potion            |       |     3 |     2 |       ||     5
         Scroll            |       |       |     3 |       ||     3
   Stab: Sleeping          |     5 |    11 |     4 |       ||    20
         Distracted        |       |       |     2 |       ||     2
 Armour: Skin              |    18 |    35 |    84 |    45 ||   182
  Dodge: Dodged            |    25 |    33 |   144 |   104 ||   306
  Block: Other             |     8 |    14 |    47 |    33 ||   102
         Reflection        |       |       |       |     3 ||     3
   Form: Flux              |       |       |     1 |       ||     1
         Blade             |       |       |       |     1 ||     1

Table legend: (Time is in decaauts)
 A = Elapsed time spent in this place.
 B = Non-inter-level travel time spent in this place.
 C = Inter-level travel time spent in this place.
 D = Time resting spent in this place.
 E = Time spent auto-exploring this place.
 F = Levels seen in this place.
 G = Mean time per level.
                   A        B        C        D        E       F      G
               +--------+--------+--------+--------+--------+-----+--------+
         Total |   8381 |   8154 |    227 |    257 |   6672 |  11 |  761.9 |
       Dungeon |   8379 |   8152 |    227 |    257 |   6672 |  10 |  837.9 |
        Temple |      1 |      1 |      0 |      0 |      0 |   1 |    1.0 |
               +--------+--------+--------+--------+--------+-----+--------+

Top non-repeatable levels by time:
     D:8: 1360 daAuts
     D:9: 905 daAuts
     D:5: 887 daAuts
     D:6: 885 daAuts
     D:7: 869 daAuts
     D:1: 854 daAuts
     D:3: 813 daAuts
     D:2: 797 daAuts
     D:4: 687 daAuts
    D:10: 316 daAuts
  Temple: 1 daAuts
